AoeStats
← 一条固执的鱼

Highland

506626770Analyzed
2v2 RM · 17d ago on Sep 14, 2026· 47m 39s· 4 players
Game mode
Random Map
Map size
Medium (4 player)
Population
200
Speed
Normal
Resources
Standard
Victory
Conquest
Starting age
Dark Age
Ending age
Imperial Age
RankedLock teamsTeams togetherTeam positionsShared explorationLock speedFull tech treeHidden civsTurbo modeCheats
Victory
Defeat
🇨🇳 Byzantines · China
1249
+16
🇨🇳 Ethiopians · China
1231
+17
🇱🇺 Magyars · Luxembourg
1309
-20
🇵🇦 Vietnamese · Panama
1177
-13
一条固执的鱼
7:09 Loom
9:35 Feudal Age
14:16 Double-Bit Axe
20:06 Castle Age
17:58 Gold Mining
17:59 Stone Mining
18:02 Horse Collar
18:43 Fletching
20:22 Padded Archer Armor
20:15 Crossbowman
21:03 Bodkin Arrow
24:52 Leather Archer Armor
29:12 Thumb Ring
36:09 Ballistics
38:00 Wheelbarrow
41:40 Imperial Age
41:56 Arbalester
42:47 Bracer
44:46 Chemistry
沉着 冷静
5:52 Loom
9:05 Feudal Age
9:34 Double-Bit Axe
16:32 Fletching
19:07 Padded Archer Armor
21:49 Wheelbarrow
25:59 Castle Age
26:37 Bodkin Arrow
26:03 Elite Skirmisher
31:54 Leather Archer Armor
33:52 Bow Saw
33:24 Horse Collar
38:53 Gold Mining
46:51 Imperial Age
46:22 Scale Barding Armor
47:40 Bracer
48:20 Hand Cart
[MMGVA] Misterjavox
10:19 Feudal Age
9:03 Loom
14:32 Castle Age
13:51 Gold Mining
14:57 Fletching
21:08 Husbandry
21:39 Horse Collar
22:53 Bodkin Arrow
23:37 Padded Archer Armor
27:16 Wheelbarrow
26:46 Heavy Plow
27:15 Ballistics
28:24 Leather Archer Armor
32:55 Hand Cart
35:52 Stone Mining
37:54 Double-Bit Axe
43:24 Scale Mail Armor
43:29 Scale Barding Armor
44:19 Corvinian Army
44:53 Chain Barding Armor
[MMGVA] PAPAITO
9:19 Loom
11:31 Feudal Age
19:11 Man-at-Arms
26:56 Castle Age
28:51 Squires
37:00 Wheelbarrow
36:13 Double-Bit Axe
37:52 Scale Mail Armor
Connection lost

Rejoining the realm…

Still unreachable

The connection could not be restored.

Session expired

The server has moved on; the page needs a fresh start.